 Dungeon Crawl Stone Soup version 0.18.1-1-g2f07953 (webtiles) character file.

4218 nikopol the Cleaver (level 10, -11/91 HPs)
             Began as a Hill Orc Berserker on May 7, 2016.
             Was a High Priest of Trog.
             Mangled by a decayed bog body (13 damage)
             ... in an ossuary.
             The game lasted 00:22:08 (6935 turns).

nikopol the Cleaver (Hill Orc Berserker)            Turns: 6935, Time: 00:22:08

Health: -11/91     AC: 16    Str: 21    XL:     10   Next: 30%
Magic:  0/10       EV: 11    Int:  7    God:    Trog [*****.]
Gold:   215        SH:  0    Dex: 13    Spells: 0 memorised, 9 levels left

rFire  + . .     SeeInvis .     R - +1 battleaxe
rCold  x . .     Gourm    .     w - +1 chain mail {rN+}
rNeg   + . .     Faith    .     (shield currently unavailable)
rPois  .         Spirit   +     (no helmet)
rElec  .         Dismiss  .     j - +0 cloak
rCorr  .         Reflect  .     o - +0 pair of gloves
SustAt .         Harm     .     E - +1 pair of boots
MR     .....     Rnd*Tele +     F - amulet of guardian spirit
Stlth  ..........               H - ring of teleportation (curse)
                                N - ring of fire

@: exhausted, slowed, very slow, not resistant to hostile enchantments,
extremely unstealthy
A: no striking features
a: Berserk, Trog's Hand, Brothers in Arms, Burn Spellbooks, Renounce Religion


You were in an ossuary.
You worshipped Trog.
Trog was extremely pleased with you.
You were hungry.

You visited 1 branch of the dungeon, and saw 8 of its levels.
You also visited: Ossuary.

You collected 215 gold pieces.

Inventory:

Hand Weapons
 a - a +0 hand axe
 v - a +0 hand axe of electrocution
 O - a +0 war axe
 R - a +1 battleaxe (weapon)
Missiles
 P - 6 tomahawks (quivered)
Armour
 b - a +0 animal skin
 j - a +0 cloak (worn)
 m - a +0 ring mail
 n - a +3 leather armour
 o - a +0 pair of gloves (worn)
 w - a +1 chain mail of positive energy (worn)
 E - a +1 pair of boots (worn)
 I - a +1 leather armour of positive energy
Jewellery
 u - an uncursed ring of wizardry
 F - an amulet of guardian spirit (around neck)
 H - a cursed ring of teleportation (right hand)
 N - a ring of fire (left hand)
Wands
 C - a wand of flame (41/48)
 K - a wand of paralysis (6/24)
Scrolls
 e - 2 scrolls of identify
 k - a scroll of noise
 s - a scroll of magic mapping
 t - 3 scrolls of enchant weapon {unknown}
 x - a scroll of recharging
 y - a scroll of immolation {unknown}
 B - 5 scrolls of remove curse {unknown}
 G - a scroll of enchant armour {unknown}
 M - a scroll of silence {unknown}
 Q - a scroll of teleportation {unknown}
 S - a scroll of vulnerability {unknown}
Potions
 f - a potion of haste {unknown}
 g - 2 potions of agility
 h - a potion of resistance {unknown}
 i - 2 potions of might {unknown}
 p - 6 potions of curing
 r - 2 potions of lignification {unknown}
 z - a potion of degeneration {unknown}
 A - 2 potions of magic {unknown}
 D - 3 potions of brilliance {unknown}
 T - a potion of cancellation {unknown}
Books
 q - a book of Transfigurations

   Spells                             Type                      Level
   a - Irradiate                      Conjuration/Transmutation    5
   b - Statue Form                    Transmutation/Earth          6
   c - Hydra Form                     Transmutation                6
   d - Dragon Form                    Transmutation                7
   Trog disapproves of the use of such an item.
Comestibles
 c - 4 bread rations
 d - 7 fruits
 l - 4 meat rations
 J - 2 chunks of flesh


   Skills:
 + Level 9.1 Fighting
 * Level 10.3 Axes
 + Level 2.7 Throwing
 + Level 7.9 Armour
 + Level 6.3 Dodging


You had 9 spell levels left.
You didn't know any spells.

Dungeon Overview and Level Annotations

Branches:
Dungeon (8/15)             Temple (0/1) D:4
   Lair: D:8-11

Altars:
Ashenzari
Cheibriados
Fedhas
Makhleb
Nemelex Xobeh
Okawaru
Pakellas
Ru
Zin

Shops:
D:4 %   D:6 }


Message History

The decayed bog body is severely damaged.
The decayed bog body hits you.
* * * LOW HITPOINT WARNING * * *
The decayed bog body touches you but does no damage.
The howler monkey zombie misses you.
The howler monkey zombie barely misses you.
The decayed bog body gestures at you while chanting.
The puff of frost hits you!
You feel a terrible chill!
* * * LOW HITPOINT WARNING * * *
You hit the howler monkey zombie. You barely miss the decayed bog body.
The decayed bog body is severely damaged.
The howler monkey zombie hits you but does no damage.
The howler monkey zombie bites you but does no damage.
The decayed bog body hits you.
* * * LOW HITPOINT WARNING * * *
The decayed bog body completely misses you.
The howler monkey zombie misses you.
The howler monkey zombie bites you but does no damage.
The decayed bog body hits you!
You die...

P.≈≈≈.≈≈.≈≈≈≈..+
#≈≈##≈##+##+##.#
..≈#?! # .#!? ##
≈#! #≈ ≈### #≈
≈≈. #≈##Z# #####
#@nZ# #∩..#
###≈# #.∩.# Z#
#...# ≈# ##+##
≈≈ ... .≈ #+#'#
P#. .# ≈## ##


You could see a decayed bog body, an adder zombie and a howler monkey zombie.

Vanquished Creatures
  A hill giant (D:8)
  Grinder (D:3)
  A hungry ghost (D:7)
  An orc warrior (D:6)
  2 ice beasts
  3 black bears
  A sky beast (D:5)
  2 phantoms
  6 ogres
  3 centaurs (D:6)
  A wyvern zombie (Ossuary)
  An elf skeleton (D:8)
  A giant frog (D:6)
  A water moccasin zombie (D:5)
  3 scorpions
  2 howler monkeys
  3 wights (D:7)
  2 crimson imps
  3 bog bodies (Ossuary)
  2 centaur zombies
  A giant frog zombie (D:8)
  6 hounds
  An orc priest (D:5)
  5 orc wizards
  A gnoll shaman (D:5)
  Jessica (D:3)
  5 worker ants
  Ijyb (D:3)
  A human skeleton (D:8)
  2 hound zombies
  4 mummies (Ossuary)
  A worker ant zombie (D:7)
  A howler monkey skeleton (D:6)
  7 gnolls
  9 adders
  2 shadow imps
  An adder skeleton (D:5)
  2 worms
  2 dart slugs (D:1)
  4 giant geckos
  27 orcs
  13 bats
  4 giant cockroaches
  12 hobgoblins
  5 jackals
  5 kobolds
  2 quokkas
  7 ball pythons
  6 giant newts
  9 goblins
  A jackal zombie (D:7)
  4 rats
  A withered plant (Ossuary)
193 creatures vanquished.

Vanquished Creatures (others)
  An orc (D:3)
  A withered plant (Ossuary)
2 creatures vanquished.

Grand Total: 195 creatures vanquished

Notes
Turn   | Place    | Note
--------------------------------------------------------------
     0 | D:1      | nikopol the Hill Orc Berserker began the quest for the Orb.
     0 | D:1      | Reached XP level 1. HP: 19/19 MP: 1/1
    46 | D:1      | Reached XP level 2. HP: 10/27 MP: 2/2
   405 | D:1      | Found a shattered altar of Ashenzari.
   417 | D:1      | Reached ** piety under Trog
   438 | D:1      | Reached XP level 3. HP: 20/33 MP: 3/3
   719 | D:2      | Found a faded altar to an unknown god.
  1417 | D:2      | Reached XP level 4. HP: 40/40 MP: 4/4
  1587 | D:3      | Noticed Ijyb
  1598 | D:3      | Killed Ijyb
  1675 | D:3      | Reached *** piety under Trog
  1905 | D:3      | Noticed a phantom
  1912 | D:3      | Killed a phantom
  1912 | D:3      | Reached skill level 5 in Axes
  1912 | D:3      | Reached XP level 5. HP: 28/47 MP: 5/5
  2173 | D:3      | Noticed Jessica
  2195 | D:3      | Killed Jessica
  2329 | D:3      | Reached XP level 6. HP: 48/55 MP: 6/6
  2343 | D:3      | Reached skill level 5 in Fighting
  2616 | D:3      | Noticed Grinder
  2617 | D:3      | Paralysed by Grinder for 6 turns
  2632 | D:3      | Paralysed by Grinder for 3 turns
  2641 | D:3      | Paralysed by Grinder for 6 turns
  2652 | D:3      | Paralysed by Grinder for 3 turns
  2672 | D:3      | Killed Grinder
  2672 | D:3      | Reached skill level 6 in Axes
  2672 | D:3      | Reached XP level 7. HP: 14/61 MP: 7/7
  3131 | D:4      | Found Houcucau's Food Shoppe.
  3219 | D:4      | Found a staircase to the Ecumenical Temple.
  3244 | D:4      | Reached **** piety under Trog
  3461 | D:4      | Found an iron altar of Okawaru.
  3711 | D:4      | Reached skill level 5 in Armour
  3889 | D:5      | Entered Level 5 of the Dungeon
  4066 | D:5      | Reached XP level 8. HP: 62/70 MP: 8/8
  4121 | D:5      | Reached skill level 7 in Axes
  4640 | D:5      | Found a glowing silver altar of Zin.
  4641 | D:5      | Found a burning altar of Makhleb.
  4641 | D:5      | Found a sparkling altar of Nemelex Xobeh.
  4641 | D:5      | Found a blossoming altar of Fedhas.
  4642 | D:5      | Found a snail-covered altar of Cheibriados.
  4644 | D:5      | Found a sacrificial altar of Ru.
  4646 | D:5      | Found a shattered altar of Ashenzari.
  5024 | D:6      | Reached skill level 8 in Axes
  5041 | D:6      | Reached skill level 5 in Dodging
  5041 | D:6      | Reached XP level 9. HP: 26/79 MP: 9/9
  5457 | D:6      | Reached ***** piety under Trog
  5514 | D:6      | Found an oddly glowing altar of Pakellas.
  5514 | D:6      | Found Pakellas's Prime Provisions.
  5977 | D:7      | Reached skill level 9 in Axes
  6242 | D:7      | Reached skill level 1 in Throwing
  6617 | D:8      | Noticed a hill giant
  6629 | D:8      | Killed a hill giant
  6629 | D:8      | Reached skill level 10 in Axes
  6629 | D:8      | Reached XP level 10. HP: 12/90 MP: 1/10
  6778 | D:8      | Found a sand-covered staircase.
  6789 | Ossuary  | Entered an ossuary
  6934 | Ossuary  | HP: 2/91 [decayed bog body (4)]
  6935 | Ossuary  | Mangled by a decayed bog body

Skill      XL: |  1  2  3  4  5  6  7  8  9 10 |
---------------+-------------------------------+-----
Dodging        | 2 3 4 5 6 |  6.3
Fighting       | 4 5 6 7 8 9 |  9.1
Armour         | 3 4 5 6 7 |  7.9
Axes           | 5 6 8 10 | 10.3
Throwing       | 2 |  2.7

Action                   |  1- 3 |  4- 6 |  7- 9 | 10-12 || total
-------------------------+-------+-------+-------+-------++-------
Melee: Hand axe          |   129 |   161 |   341 |       ||   631
       Battleaxe         |       |       |    90 |    70 ||   160
Throw: Tomahawk          |       |       |       |     1 ||     1
Invok: Berserk           |       |     2 |     2 |     1 ||     5
  Use: Scroll            |       |       |     5 |       ||     5
  Eat: Chunk             |       |     7 |    13 |       ||    20
       Pizza             |       |       |     1 |       ||     1
       Royal jelly       |       |       |     3 |       ||     3
       Bread ration      |       |       |     2 |       ||     2
       Meat ration       |       |       |     1 |       ||     1
       Beef jerky        |       |       |     1 |       ||     1
Armor: Animal skin       |    26 |       |       |       ||    26
       Leather armour    |    13 |    10 |       |       ||    23
       Chain mail        |       |    79 |   256 |    63 ||   398
Dodge: Dodged            |    98 |    81 |   206 |    49 ||   434
